PAAA
THOMASVILLE LOOKOUTS @ OCEANSIDE OCEANLINERS
09/04/2018
 
TOP OF THE 1ST
Thomasville Lookouts batting - Pitching for Oceanside Oceanliners : RHP Jim Unknown
Pitching: RHP Jim Unknown
Batting: LHB Chris West 0-0: Ball
1-0: Ball
2-0: Ball
3-0: Called Strike
3-1: Foul Ball, location: 2F
3-2: Strikes out swinging
Batting: RHB Keith Best 0-0: Ball
1-0: Ball
2-0: Foul Ball, location: 2F
2-1: Fly out, F8 (Flyball, 8LM)
Batting: RHB Chi-ju Zhang 0-0: Ball
1-0: Called Strike
1-1: Fly out, F5 (Line Drive, 5D)
Top of the 1st over - 0 run(s), 0 hit(s), 0 error(s), 0 left on base; Thomasville 0 - Oceanside 0
BOTTOM OF THE 1ST
Oceanside Oceanliners batting - Pitching for Thomasville Lookouts : RHP George Frazier
Pitching: RHP George Frazier
Batting: RHB Jim Unknown 0-0: Ball
1-0: Bunt for hit - play at first, batter safe!
Batting: RHB Jim Unknown 0-0: Ball
1-0: Called Strike
1-1: Foul Ball, location: 2F
1-2: Strikes out looking
Batting: RHB Jim Unknown 0-0: Fly out, F5 (Line Drive, 5)
Batting: RHB Jim Unknown 0-0: Swinging Strike
0-1: Foul Ball, location: 2F
0-2: Foul Ball, location: 2F
0-2: Ball
1-2: Strikes out swinging
Bottom of the 1st over - 0 run(s), 1 hit(s), 0 error(s), 1 left on base; Thomasville 0 - Oceanside 0
TOP OF THE 2ND
Thomasville Lookouts batting - Pitching for Oceanside Oceanliners : RHP Jim Unknown
Batting: LHB Héctor Cortéz 0-0: Foul Ball, location: 2F
0-1: Ball
1-1: Ball
2-1: Ball
3-1: Ground out 6-3 (Groundball, 6M)
Batting: SHB Jared Jefferson 0-0: Ball
1-0: Swinging Strike
1-1: Called Strike
1-2: Ball
2-2: Ground out 5-3 (Groundball, 5)
Batting: SHB Dave Orchard 0-0: Ball
1-0: Ball
2-0: Foul Ball, location: 2F
2-1: Foul Ball, location: 2F
2-2: Ball
3-2: Hit by Pitch
Batting: SHB Gustavo Fuentes 0-0: Foul Ball, location: 2F
0-1: Ball
1-1: Foul Ball, location: 2F
1-2: SINGLE (Groundball, 4)
Dave Orchard to second
Dave Orchard to third
Batting: RHB Andrés Rodríguez 0-0: Ball
1-0: Called Strike
1-1: Ground out 6-3 (Groundball, 6)
Top of the 2nd over - 0 run(s), 1 hit(s), 0 error(s), 2 left on base; Thomasville 0 - Oceanside 0
BOTTOM OF THE 2ND
Oceanside Oceanliners batting - Pitching for Thomasville Lookouts : RHP George Frazier
Batting: RHB Jim Unknown 0-0: Foul Ball, location: 2F
0-1: Foul Ball, location: 2F
0-2: Ball
1-2: Strikes out looking
Batting: LHB Jim Unknown 0-0: Swinging Strike
0-1: Ball
1-1: Foul Ball, location: 2F
1-2: Ball
2-2: Strikes out swinging
Batting: SHB Jim Unknown 0-0: Ball
1-0: Called Strike
1-1: Fly out, F9 (Flyball, 9S)
Bottom of the 2nd over - 0 run(s), 0 hit(s), 0 error(s), 0 left on base; Thomasville 0 - Oceanside 0
TOP OF THE 3RD
Thomasville Lookouts batting - Pitching for Oceanside Oceanliners : RHP Jim Unknown
Batting: SHB Adrián Pueblo 0-0: Ball
1-0: Called Strike
1-1: Foul Ball, location: 2F
1-2: Ball
2-2: SINGLE (Flyball, 8LS)
Batting: LHB Chris West 0-0: Ball
Wild Pitch!
Adrián Pueblo to second
1-0: SINGLE (Groundball, 6MD) (infield hit)
Adrián Pueblo to third
Batting: RHB Keith Best 0-0: Ball
1-0: Called Strike
1-1: SINGLE (Flyball, 8LS)
Adrián Pueblo scores
Chris West to second
Runner from 2nd tries for 3rd, SAFE, no throw or cutoff
Batting: RHB Chi-ju Zhang 0-0: Fly out, F3 (Popup, 3SF)
Batting: LHB Héctor Cortéz 0-0: Called Strike
0-1: Foul Ball, location: 2F
0-2: SINGLE (Line Drive, 9S)
Chris West scores
Keith Best to second
Runner from 2nd tries for 3rd, SAFE, throw made to third
Héctor Cortéz to second
Batting: SHB Jared Jefferson 0-0: Swinging Strike
0-1: Called Strike
0-2: Ball
1-2: Ball
2-2: Strikes out swinging
Batting: SHB Dave Orchard 0-0: Called Strike
0-1: Ball
1-1: Ball
2-1: Called Strike
Error on foul ball, E2
2-2: Ball
3-2: Foul Ball, location: 2F
3-2: Strikes out swinging
Top of the 3rd over - 2 run(s), 4 hit(s), 1 error(s), 2 left on base; Thomasville 2 - Oceanside 0
BOTTOM OF THE 3RD
Oceanside Oceanliners batting - Pitching for Thomasville Lookouts : RHP George Frazier
Batting: RHB Jim Unknown 0-0: Ball
1-0: Called Strike
1-1: Called Strike
1-2: Ball
2-2: Foul Ball, location: 2F
2-2: Ball
3-2: Foul Ball, location: 2F
3-2: Ground out 4-3 (Groundball, 34)
Batting: RHB Jim Unknown 0-0: Ball
1-0: Swinging Strike
1-1: Ball
2-1: Called Strike
2-2: Hit by Pitch
Batting: RHB Jim Unknown 0-0: Ball
1-0: Ball
2-0: Ball
3-0: Base on Balls
Jim Unknown to second
Batting: RHB Jim Unknown 0-0: Foul Ball, location: 2F
0-1: Ball
1-1: Foul Ball, location: 2F
1-2: SINGLE (Line Drive, 56D)
Jim Unknown to third
Jim Unknown to second
Runner from 3rd tries for Home, throw and OUT!
Batting: RHB Jim Unknown 0-0: Called Strike
0-1: Ball
1-1: Foul Ball, location: 2F
Balk!
Jim Unknown to third
Jim Unknown to second
1-2: Ground out 5-3 (Groundball, 5L)
Bottom of the 3rd over - 0 run(s), 1 hit(s), 0 error(s), 2 left on base; Thomasville 2 - Oceanside 0
TOP OF THE 4TH
Thomasville Lookouts batting - Pitching for Oceanside Oceanliners : RHP Jim Unknown
Batting: SHB Gustavo Fuentes 0-0: Called Strike
0-1: Swinging Strike
0-2: Ball
1-2: Strikes out swinging
Batting: RHB Andrés Rodríguez 0-0: Ground out U3 (Groundball, 3S)
Batting: SHB Adrián Pueblo 0-0: SINGLE (Line Drive, 6MD)
Batting: LHB Chris West 0-0: Ball
1-0: Ground out 1-3 (Groundball, 15S)
Top of the 4th over - 0 run(s), 1 hit(s), 0 error(s), 1 left on base; Thomasville 2 - Oceanside 0
BOTTOM OF THE 4TH
Oceanside Oceanliners batting - Pitching for Thomasville Lookouts : RHP George Frazier
Batting: RHB Jim Unknown 0-0: Foul Ball, location: 2F
0-1: SINGLE (Groundball, 56D)
Batting: RHB Jim Unknown 0-0: Ball
1-0: Called Strike
1-1: Ball
2-1: Called Strike
2-2: Ball
3-2: Base on Balls
Jim Unknown to second
Batting: LHB Jim Unknown 0-0: Foul Ball, location: 2F
0-1: Ball
1-1: Ball
2-1: Fly out, F3 (Popup, 23F)
Batting: SHB Jim Unknown 0-0: Called Strike
0-1: Ball
1-1: Ball
2-1: Ball
3-1: Base on Balls
Jim Unknown to third
Jim Unknown to second
Batting: RHB Jim Unknown 0-0: Called Strike
0-1: Ball
1-1: Foul Ball, location: 2F
1-2: Grounds into double play, 5-4-3 (Groundball, 5)
Bottom of the 4th over - 0 run(s), 1 hit(s), 0 error(s), 2 left on base; Thomasville 2 - Oceanside 0
TOP OF THE 5TH
Thomasville Lookouts batting - Pitching for Oceanside Oceanliners : RHP Jim Unknown
Batting: RHB Keith Best 0-0: Ball
1-0: Called Strike
1-1: Ball
2-1: Called Strike
2-2: SINGLE (Line Drive, 6MD)
Batting: RHB Chi-ju Zhang 0-0: Called Strike
0-1: Foul Ball, location: 2F
0-2: TRIPLE (Groundball, 3L)
Keith Best scores
Batting: LHB Héctor Cortéz 0-0: Ball
1-0: Ball
2-0: Called Strike
2-1: Foul Ball, location: 2F
2-2: Ball
3-2: Base on Balls
Batting: SHB Jared Jefferson 0-0: DOUBLE (Line Drive, 78D)
Chi-ju Zhang scores
Héctor Cortéz to third
Batting: SHB Dave Orchard 0-0: Ball
1-0: Called Strike
1-1: Ground out 1-3 (Groundball, 13S)
Batting: SHB Gustavo Fuentes 0-0: Swinging Strike
0-1: Ball
1-1: SINGLE (Groundball, 6MD)
Héctor Cortéz scores
Jared Jefferson to third
Pitching: RHP Jim Unknown
Batting: RHB Andrés Rodríguez 0-0: Ball
1-0: Called Strike
1-1: Foul Ball, location: 2F
1-2: Foul Ball, location: 2F
1-2: Fly out, F3 (Popup, 3SF)
Batting: SHB Adrián Pueblo 0-0: Ball
1-0: Foul Ball, location: 2F
1-1: Ball
2-1: Foul Ball, location: 2F
2-2: Foul Ball, location: 2F
2-2: Ball
3-2: Foul Ball, location: 2F
3-2: Ground out 5-3 (Groundball, 56S)
Top of the 5th over - 3 run(s), 4 hit(s), 0 error(s), 2 left on base; Thomasville 5 - Oceanside 0
BOTTOM OF THE 5TH
Oceanside Oceanliners batting - Pitching for Thomasville Lookouts : RHP George Frazier
Batting: RHB Jim Unknown 0-0: Ball
1-0: Called Strike
1-1: Ball
2-1: SOLO HOME RUN (Flyball, 7D), Distance : 388 ft
Batting: RHB Jim Unknown 0-0: Foul Ball, location: 2F
0-1: SINGLE (Line Drive, 56D)
Batting: RHB Jim Unknown 0-0: Called Strike
0-1: Foul Ball, location: 2F
0-2: Ball
1-2: Strikes out swinging
Batting: RHB Jim Unknown 0-0: Ball
1-0: Called Strike
1-1: Ball
2-1: Ball
3-1: Base on Balls
Jim Unknown to second
Batting: RHB Jim Unknown 0-0: Called Strike
0-1: Ball
1-1: Fly out, F3 (Popup, 3F)
Batting: RHB Jim Unknown 0-0: Called Strike
0-1: Ball
1-1: Ground out 6-3 (Groundball, 6)
Bottom of the 5th over - 1 run(s), 2 hit(s), 0 error(s), 2 left on base; Thomasville 5 - Oceanside 1
TOP OF THE 6TH
Thomasville Lookouts batting - Pitching for Oceanside Oceanliners : RHP Jim Unknown
Batting: LHB Chris West 0-0: Ball
1-0: Called Strike
1-1: TRIPLE (Flyball, 8LM)
Batting: RHB Keith Best 0-0: Foul Ball, location: 2F
0-1: Called Strike
0-2: Strikes out swinging
Batting: RHB Chi-ju Zhang 0-0: Ball
1-0: Foul Ball, location: 2F
1-1: Foul Ball, location: 2F
1-2: Strikes out swinging
Batting: LHB Héctor Cortéz 0-0: DOUBLE (Line Drive, 9LS)
Chris West scores
Batting: SHB Jared Jefferson 0-0: Called Strike
0-1: Swinging Strike
0-2: SINGLE (Groundball, 56D) (infield hit)
Héctor Cortéz to third
Batting: SHB Dave Orchard 0-0: Called Strike
0-1: Swinging Strike
0-2: Fly out, F9 (Flyball, 9D)
Top of the 6th over - 1 run(s), 3 hit(s), 0 error(s), 2 left on base; Thomasville 6 - Oceanside 1
BOTTOM OF THE 6TH
Oceanside Oceanliners batting - Pitching for Thomasville Lookouts : RHP George Frazier
Batting: LHB Jim Unknown 0-0: Ground out 1-3 (Groundball, 13S)
Batting: SHB Jim Unknown 0-0: Ball
1-0: SINGLE (Line Drive, 56)
Batting: RHB Jim Unknown 0-0: Ball
1-0: Called Strike
Single, Error in OF, E8, batter to second base
Jim Unknown to third
Batting: RHB Jim Unknown 0-0: 3-RUN HOME RUN (Flyball, 7D), Distance : 394 ft
Batting: RHB Jim Unknown 0-0: Foul Ball, location: 2F
0-1: Bunt missed!
0-2: Foul Ball, location: 2F
0-2: Ball
1-2: Foul Ball, location: 2F
1-2: Foul Ball, location: 2F
1-2: SINGLE (Groundball, 34)
Pitching: RHP Jeff Dixon
Batting: RHB Jim Unknown 0-0: Foul Ball, location: 2F
0-1: Ball
1-1: Swinging Strike
1-2: Strikes out looking
Batting: RHB Jim Unknown 0-0: Called Strike
0-1: Ball
1-1: Foul Ball, location: 2F
1-2: Strikes out swinging
Bottom of the 6th over - 3 run(s), 4 hit(s), 1 error(s), 1 left on base; Thomasville 6 - Oceanside 4
TOP OF THE 7TH
Thomasville Lookouts batting - Pitching for Oceanside Oceanliners : RHP Jim Unknown
Batting: SHB Gustavo Fuentes 0-0: Ball
1-0: SINGLE (Groundball, 4MD)
Batting: RHB Andrés Rodríguez 0-0: Bunted foul
0-1: Bunt missed!
0-2: Foul Ball, location: 2F
0-2: Ball
1-2: Ball
Balk!
Gustavo Fuentes to second
2-2: Ground out 6-3 (Groundball, 6)
Pitching: RHP Jim Unknown
Batting: SHB Adrián Pueblo 0-0: Ball
1-0: Called Strike
1-1: Ball
2-1: Ball
3-1: Foul Ball, location: 2F
3-2: Foul Ball, location: 2F
3-2: Foul Ball, location: 2F
3-2: Fly out, F9 (Flyball, 9M)
Batting: LHB Chris West 0-0: Ground out 4-3 (Groundball, 34)
Top of the 7th over - 0 run(s), 1 hit(s), 0 error(s), 1 left on base; Thomasville 6 - Oceanside 4
BOTTOM OF THE 7TH
Oceanside Oceanliners batting - Pitching for Thomasville Lookouts : RHP Jeff Dixon
Batting: RHB Jim Unknown 0-0: Foul Ball, location: 2F
0-1: Foul Ball, location: 2F
0-2: Foul Ball, location: 2F
0-2: Ball
1-2: Ball
2-2: Foul Ball, location: 2F
2-2: Ground out 4-3 (Groundball, 4)
Batting: RHB Jim Unknown 0-0: Foul Ball, location: 2F
0-1: Ball
1-1: Ball
2-1: Ball
3-1: Base on Balls
Batting: LHB Jim Unknown 0-0: Swinging Strike
0-1: Ball
1-1: Foul Ball, location: 2F
1-2: Strikes out looking
Batting: SHB Jim Unknown 0-0: Ball
1-0: Swinging Strike
1-1: Foul Ball, location: 2F
1-2: Foul Ball, location: 2F
1-2: Strikes out swinging
Bottom of the 7th over - 0 run(s), 0 hit(s), 0 error(s), 1 left on base; Thomasville 6 - Oceanside 4
TOP OF THE 8TH
Thomasville Lookouts batting - Pitching for Oceanside Oceanliners : RHP Jim Unknown
Batting: RHB Keith Best 0-0: Fly out, F2 (Popup, 2RF)
Batting: RHB Chi-ju Zhang 0-0: Foul Ball, location: 2F
0-1: Ball
1-1: Called Strike
1-2: Strikes out swinging
Batting: LHB Héctor Cortéz 0-0: Called Strike
0-1: Foul Ball, location: 2F
0-2: Ball
1-2: Ball
2-2: Foul Ball, location: 2F
2-2: Foul Ball, location: 2F
2-2: Ground out 1-3 (Groundball, 25)
Top of the 8th over - 0 run(s), 0 hit(s), 0 error(s), 0 left on base; Thomasville 6 - Oceanside 4
BOTTOM OF THE 8TH
Oceanside Oceanliners batting - Pitching for Thomasville Lookouts : RHP Jeff Dixon
Now at 2B: Artie Hemming
Now at 3B: Brent Burgess
Batting: RHB Jim Unknown 0-0: Ball
1-0: Swinging Strike
1-1: Ground out 1-3 (Groundball, 15)
Pitching: RHP Richard Carlson
Batting: RHB Jim Unknown 0-0: Ball
1-0: SINGLE (Groundball, 5D)
Pitching: RHP Iván Ledesma Jr.
Batting: RHB Jim Unknown 0-0: Called Strike
0-1: Called Strike
0-2: Foul Ball, location: 2F
0-2: Ball
1-2: Foul Ball, location: 2F
1-2: DOUBLE (Line Drive, 78M)
Jim Unknown to third
Batting: RHB Jim Unknown 0-0: Fly out, F7 (Flyball, 7M)
Runner from 3rd tags up, SCORES, throw made
Batting: RHB Jim Unknown 0-0: Foul Ball, location: 2F
0-1: 2-RUN HOME RUN (Flyball, 7LD), Distance : 369 ft
Pitching: RHP Rich Wright
Batting: RHB Jim Unknown 0-0: Ground out 5-3 (Groundball, 56)
Bottom of the 8th over - 3 run(s), 3 hit(s), 0 error(s), 0 left on base; Thomasville 6 - Oceanside 7
TOP OF THE 9TH
Thomasville Lookouts batting - Pitching for Oceanside Oceanliners : RHP Jim Unknown
Pitching: LHP Jim Unknown
Batting: SHB Jared Jefferson 0-0: Ball
1-0: Called Strike
1-1: Called Strike
1-2: Foul Ball, location: 2F
1-2: Ball
2-2: Foul Ball, location: 2F
2-2: Ball
3-2: Strikes out swinging
Batting: SHB Dave Orchard 0-0: Ball
1-0: Called Strike
1-1: Foul Ball, location: 2F
1-2: Ball
2-2: Strikes out swinging
Pinch Hitting: RHB Jim Unknown 0-0: Ball
1-0: Foul Ball, location: 2F
1-1: Swinging Strike
1-2: Ground out 6-3 (Groundball, 6)
Top of the 9th over - 0 run(s), 0 hit(s), 0 error(s), 0 left on base; Thomasville 6 - Oceanside 7
This league is powered by Out of the Park Baseball, the baseball management simulation game for PC, Mac and Linux
Monday, May 4th, 2015 - OOTP Baseball 15.6 Build 34